[Event "*** Titled Tuesday Blitz"]
[Site "Chess.com"]
[Date "2020.05.19"]
[Round "7"]
[White "Juanovic"]
[Black "zurzan"]
[Result "0-1"]
[WhiteElo "2142"]
[BlackElo "1915"]
[TimeControl "180+1"]
[EndTime "13:23:48 PDT"]
[Termination "zurzan won by checkmate"]

1. e4 Nf6 2. e5 Nd5 3. d4 d6 4. Nf3 g6 5. c4 Nb6 6. Nc3 Bg7 7.
exd6 cxd6 8. Be3 O-O 9. h3 Nc6 10. a3 Bf5 11. Be2 e5 12. O-O e4 13. Ng5 Re8 14. g4 h6 15. Nxf7 Kxf7 16. gxf5 gxf5 17. Bh5+ Kg8 18. Bxe8 Qxe8 19. c5 Nc8 20. Qb3+ Kh7 21. Qd5 N6e7 22. Qe6 dxc5 23. dxc5 Qh5 24. Kh2 Ng6 25.
Rg1 Nce7 26. Ne2 Rf8 27. Ng3 Qf3 28. Rg2 f4 29. Bxf4 Nxf4 30. Qxe4+ Qxe4 31. Nxe4 Nxg2 32. Kxg2 Bxb2 33. Rb1 Rg8+ 34. Kf3 Be5 35. Rxb7 Rf8+ 36. Ke2 Rf7 37. Nd6 Rg7 38. Rxa7 Nc6 39. Rxg7+ Kxg7 40. Nc4 Bd4 41. a4 Bxc5 42. f3 Bb4 43. Kd3 Na5 44. Ne5 Kf6 45. Ng4+ Kg5 46. Nxh6 Kxh6 47.
Ke4 Be1 48. Kd5 Kg5 49. Kc5 Kf4 50. Kb6 Kxf3 51. h4 Kg4 52. h5 Kxh5 53. Kc5 Kg5 54. Kd4 Kf5 55. Ke3 Ke5 56. Kd3 Kd5 57. Ke2 Bc3 58. Kd3 Be1 59. Ke2 Bh4 60. Kd3 Kc5 61. Ke2 Kb4 62. Kd3 Kxa4 63. Kc2 Kb4 64. Kd3 Nc4 65. Ke4 Kc5 66. Kf5 Kd5 67. Kg4 Be1 68.
Kf5 Nd6+ 69. Kf4 Bd2+ 70. Kf3 Nc4 71. Ke2 Kd4 72. Kf3 Be3 73. Kg4 Ke4 74. Kh5 Ne5 75. Kh4 Bf4 76. Kh3 Kf3 77. Kh4 Ke4 78. Kh3 Nd3 79. Kg2 Be3 80. Kg3 Ne5 81. Kg2 Bd4 82. Kg3 Nd3 83. Kg2 Nf4+ 84. Kg3 Be3 85. Kh2 Kf3 86.
Kh1 Bf2 87. Kh2 Ne2 88. Kh1 Ng3+ 89. Kh2 Nf1+ 90. Kh1 Ne3 91. Kh2 Ng2 92. Kh1 Bg3 93. Kg1 Nf4 94. Kh1 Bh4 95. Kg1 Kg3 96. Kh1 Kh3 97.
Kg1 Bg3 98. Kh1 Ng2 99. Kg1 Bh2+ 100. Kh1 Bg3 101. Kg1 Nf4 102. Kh1 Be1 103. Kg1 Ne2+ 104. Kh1 Nd4 105. Kg1 Nf5 106. Kh1 Ng3+ 107. Kg1 Bd2 108. Kf2 Bf4 109. Kg1 Be3# 0-1

[Event "*** Titled Tuesday Blitz"]
[Site "Chess.com"]
[Date "2020.05.19"]
[Round "7"]
[White "tan275"]
[Black "boasovietica"]
[Result "1/2-1/2"]
[WhiteElo "2211"]
[BlackElo "2384"]
[TimeControl "180+1"]
[EndTime "13:23:58 PDT"]
[Termination "Game drawn - timeout vs insufficient material"]

1. d4 Nf6 2. c4 g6 3. g3 Bg7 4. Bg2 O-O 5. Nc3 d6 6. Nf3 Nc6 7. h3 e5 8. dxe5 dxe5 9. Qxd8 Rxd8 10. Bg5 Be6 11. Rc1 h6 12. Bxf6 Bxf6 13. O-O Bg7 14. Ne4 Bf8 15. Rfd1 f5 16. Nf6+ Kf7 17. Nd5 Rd7 18. a3 Rad8 19. Nh4 g5 20. Nf3 e4 21. Ne1 Bxd5 22. cxd5 Rxd5 23. Rxd5 Rxd5 24. g4 Rd2 25. gxf5 Rxe2 26. Nc2 Bg7 27. Kf1 Bxb2 28. Kxe2 Bxc1 29. Bxe4 Kf6 30. Kd1 Bb2 31. f3 Na5 32. Ke2 c5 33. a4 b6 34. Ne3 Ke5 35. Ng4+ Kd6 36. Nxh6 Nc6 37. Nf7+ Ke7 38. Nxg5 Kf6 39. Nh7+ Kg7 40. f6+ Kg8 41. f7+ Kxf7 42. Bxc6 Bd4 43. Be4 Kg7 44.
Kd3 a6 45. Kc4 Kh6 46. h4 Kh5 47. Bd3 Bf2 48. Be4 Kxh4 49. Bb7 b5+ 50. axb5 axb5+ 51. Kxb5 Kh5 52. Kc4 Kg6 53. Nf8+ Kf6 54. Nd7+ Kf5 55. Nxc5 Be3 56. Be4+ Kf6 57. Nd3 Bd2 58.
Kd5 Kf7 59. Kd4 Kf8 60. Ke5 Kf7 61. Kf5 Be3 62. f4 Bxf4 63. Kxf4 Ke6 64. Ke3 Kd6 65. Kd4 Ke6 66. Nf4+ Kf6 67. Nh3 Ke6 68. Ng5+ Kf6 69.
Nf3 Ke6 70. Kc5 Kf6 71. Kd6 Kf7 72. Ke5 Ke7 73. Nd4 Kd7 74. Bd5 Ke7 75. Bc6 Kf7 76. Kf5 Ke7 77. Ke5 Kf7 78. Nf3 Kg6 79. Be8+ Kg7 80.
Ke6 Kf8 81. Bh5 Kg7 82. Ne5 Kh6 83. Bf3 Kg5 84. Bd1 Kf4 85. Nc4 Ke4 86. Kd6 Kd4 87. Ne5 Ke4 88. Bh5 Kd4 89. Bg6 Ke3 90. Kd5 Kf4 91.
Kd4 Kg5 92. Bd3 Kf4 93. Nf7 Kg4 94. Ke4 Kg3 95. Ke3 Kg4 96. Ke4 Kg3 97. Ne5 Kf2 98. Kf4 Ke1 99. Ke3 Kd1 100. Nc4 Kc1 101. Kd4 Kd1 102. Ke3 Kc1 103. Nd2 Kb2 1/2-1/2

[Event "*** Titled Tuesday Blitz"]
[Site "Chess.com"]
[Date "2020.05.19"]
[Round "7"]
[White "VolodymyrMolyboha"]
[Black "Chess_Boxer123"]
[Result "1/2-1/2"]
[WhiteElo "2415"]
[BlackElo "2553"]
[TimeControl "180+1"]
[EndTime "13:24:09 PDT"]
[Termination "Game drawn - insufficient material"]

1. e4 c5 2. Nf3 Nc6 3. Bb5 g6 4. O-O Bg7 5. c3 e5 6. d4 cxd4 7. cxd4 exd4 8. e5 a6 9. Bc4 Nge7 10. Bg5 O-O 11. Re1 d5 12. exd6 Qxd6 13. Nbd2 Bf5 14. a3 b5 15. Ba2 Rfe8 16. Rc1 Rac8 17. b4 h6 18. Bh4 g5 19. Bg3 Qg6 20. Qb3 d3 21.
Rc5 Be6 22. Rxe6 fxe6 23. Qxe6+ Kh7 24. Qd7 Rcd8 25. Qb7 Rb8 26. Qxa6 Ra8 27. Qxb5 Rxa3 28.
Qc4 Nxb4 29. Bb1 Nc2 30. h3 Ra1 31. Kh2 Nf5 32. Qxd3 Rxb1 33. Nxb1 Nxg3 34. Qxg6+ Kxg6 35. Rxc2 Nf5 36. g4 Nd6 37. Rc6 Re6 38. Nbd2 Kf7 39. Kg2 Bb2 40. Nc4 Nxc4 41. Rxc4 Bf6 42. Rc2 Kg6 43. Ng1 h5 44. f3 h4 45. Ne2 Be5 46.
Ra2 Rb6 47. Rc2 Kf6 48. Nc1 Rd6 49. Nb3 Bf4 50. Nc5 Kg6 51. Ne4 Ra6 52. Nf2 Re6 53.
Nd3 Bb8 54. Nb4 Bf4 55. Rc6 Rxc6 56. Nxc6 Kf6 57. Kf2 Ke6 58. Ke2 Kd5 59. Nb4+ Kc4 60. Nd3 Bd6 61. Ke3 Kd5 62. Nf2 Bc5+ 63. Ke2 Bb6 64. Nd3 Bc7 65. Ke3 Bb6+ 66. Kd2 Bc7 67. Ke2 Kd4 68. Nf2 Ke5 69. Ne4 Kf4 70. Kf2 Bb6+ 71.
Kg2 Be3 72. Nf6 Bd4 73. Nh5+ Ke5 74. f4+ gxf4 75. Kf3 Be3 76. Ng7 Bd2 77. Nf5 Be1 78. Ne7 Bg3 79. Ng6+ Kf6 80. Nxf4 Kg5 81. Nd5 Be5 82.
Ke4 Bg3 83. Ne3 Bb8 84. Nf5 Bf4 85. Nd4 Bb8 86. Nf3+ Kg6 87. Nxh4+ Kg5 88. Nf3+ Kg6 89. h4 Kh6 90. Kf5 Bc7 91. h5 Ba5 92. Ne5 Bc3 93. Nf7+ Kg7 94. Ke6 Bd2 95. Ne5 Kh6 96. Nf3 Bc1 97.
Kf6 Bb2+ 98. Kf5 Bc1 99. Ne5 Bb2 100. Nd7 Ba1 101. Nf6 Bb2 102. g5+ Kg7 103. h6+ Kh8 104. Ng4 Ba1 105. Kg6 Bb2 106. Nf2 Ba1 107. Ne4 Be5 108. Kh5 Kg8 109. g6 Kh8 110. Kg5 Ba1 111. Nd6 Bb2 112. Kh5 Bc3 113. Kg4 Bb2 114. Kf5 Ba1 115. Ke6 Bb2 116. Ke7 Ba3 117. Ke6 Bb2 118. Kd7 Bg7 119. Ke8 Bxh6 120. Nf7+ Kg7 121. Nxh6 Kxg6 1/2-1/2

[Event "*** Titled Tuesday Blitz"]
[Site "Chess.com"]
[Date "2020.05.19"]
[Round "8"]
[White "bmt011"]
[Black "lelya96"]
[Result "1-0"]
[WhiteElo "2065"]
[BlackElo "2243"]
[TimeControl "180+1"]
[EndTime "13:30:53 PDT"]
[Termination "bmt011 won by checkmate"]

1. d4 Nf6 2. Bf4 e6 3. e3 b6 4.
Qf3 Bb7 5. Qxb7 Nc6 6. Qxc7 Qe7 7. c3 Nd5 8. Qb7 Nxf4 9. exf4 Rb8 10. Qc7 Qh4 11. Nf3 Qg4 12. Bb5 Qxg2 13. Bxc6 Qxh1+ 14. Ke2 Rd8 15. Ne5 dxc6 16. Qxf7# 1-0

[Event "*** Titled Tuesday Blitz"]
[Site "Chess.com"]
[Date "2020.05.19"]
[Round "8"]
[White "Bubi6"]
[Black "2346PL"]
[Result "0-1"]
[WhiteElo "2593"]
[BlackElo "2453"]
[TimeControl "180+1"]
[EndTime "13:31:15 PDT"]
[Termination "2346PL won by resignation"]

1. e4 c5 2. Nf3 Nf6 3. Nc3 Nc6 4. d4 d5 5. exd5 Nxd5 6. Nxd5 Qxd5 7. c4 Qe4+ 8. Be3 cxd4 9. Nxd4 Nxd4 10. Qxd4 Qxd4 11. Bxd4 f6 12. f4 Bf5 13. Be2 e5 14. fxe5 Bb4+ 15.
Kf2 fxe5 16. Be3 O-O 17. Rhf1 Bd3+ 0-1

[Event "*** Titled Tuesday Blitz"]
[Site "Chess.com"]
[Date "2020.05.19"]
[Round "8"]
[White "quesfr"]
[Black "woodhy"]
[Result "1-0"]
[WhiteElo "2294"]
[BlackElo "2427"]
[TimeControl "180+1"]
[EndTime "13:31:44 PDT"]
[Termination "quesfr won by resignation"]

1. e4 e6 2. d4 d5 3. Nc3 Bb4 4. exd5 exd5 5. Bd3 Ne7 6. Ne2 Bf5 7. O-O Bxd3 8. Qxd3 O-O 9. Ng3 Nd7 10. Nce2 Nf6 11.
Bf4 c6 12. c3 1-0

[Event "*** Titled Tuesday Blitz"]
[Site "Chess.com"]
[Date "2020.05.19"]
[Round "8"]
[White "Jagerrmeisterr"]
[Black "ClassyEl"]
[Result "0-1"]
[WhiteElo "2637"]
[BlackElo "2496"]
[TimeControl "180+1"]
[EndTime "13:31:52 PDT"]
[Termination "ClassyEl won by resignation"]

1. e4 d6 2. Nc3 Nf6 3. g3 c6 4.
Bg2 e5 5. a4 Bg4 6. Nge2 Qd7 7.
h3 Be6 8. f4 g6 9. O-O Bxh3 10. fxe5 Bxg2 11. Kxg2 Ng4 12. exd6 Bxd6 13. d4 Na6 14. Bf4 Bxf4 0-1

[Event "*** Titled Tuesday Blitz"]
[Site "Chess.com"]
[Date "2020.05.19"]
[Round "8"]
[White "lolo9292"]
[Black "Rodalquilar"]
[Result "1-0"]
[WhiteElo "2537"]
[BlackElo "2634"]
[TimeControl "180+1"]
[EndTime "13:32:02 PDT"]
[Termination "lolo9292 won by resignation"]

1. d4 Nf6 2. c4 e6 3. Nc3 Bb4 4. Nf3 d5 5. Bd2 O-O 6. e3 b6 7. cxd5 exd5 8. Bd3 Bb7 9. O-O a6 10. Ne5 Nbd7 11. f4 Bd6 12. Qf3 c5 13. Be1 Re8 14.
Bh4 Qc7 15. Nxd7 Nxd7 16. Nxd5 Bxd5 17. Qxd5 Rxe3 18. Qxa8+ 1-0

[Event "*** Titled Tuesday Blitz"]
[Site "Chess.com"]
[Date "2020.05.19"]
[Round "8"]
[White "mjray79"]
[Black "IMJonathanCarlstedt"]
[Result "0-1"]
[WhiteElo "2297"]
[BlackElo "2454"]
[TimeControl "180+1"]
[EndTime "13:32:05 PDT"]
[Termination "IMJonathanCarlstedt won by resignation"]

1. d4 g6 2. c4 Bg7 3. e4 Nc6 4. Ne2 d6 5. Nbc3 e5 6. d5 Nce7 7. Ng3 f5 8. exf5 Nxf5 9. Bd3 Nf6 10. Nce4 O-O 11. O-O Nd4 12. Be3 Ng4 13. Bxd4 exd4 14. h3 Ne5 15. Rc1 Qh4 16. Be2 Rf4 17. Kh2 Rxe4 18. Nxe4 Qxe4 19. Re1 d3 20. Bf3 Qf4+ 21. Kg1 d2 0-1

[Event "*** Titled Tuesday Blitz"]
[Site "Chess.com"]
[Date "2020.05.19"]
[Round "8"]
[White "NefeLV"]
[Black "Shivagami"]
[Result "0-1"]
[WhiteElo "1823"]
[BlackElo "2176"]
[TimeControl "180+1"]
[EndTime "13:32:11 PDT"]
[Termination "Shivagami won by resignation"]

1. c4 e5 2. Nc3 Bb4 3. a3 Bxc3 4. bxc3 Nf6 5. d3 c6 6. e4 d5 7. cxd5 cxd5 8. Nf3 Nc6 9. Bg5 h6 10. Bxf6 gxf6 11. exd5 Qxd5 12. Rb1 Qa5 13. Qb3 Be6 14. Qb2 Nd4 15. Nd2 Nf5 16. Qb3 Bxb3 0-1

[Event "*** Titled Tuesday Blitz"]
[Site "Chess.com"]
[Date "2020.05.19"]
[Round "8"]
[White "AlexTriapishko"]
[Black "LiverpooL174"]
[Result "1/2-1/2"]
[WhiteElo "2724"]
[BlackElo "2553"]
[TimeControl "180+1"]
[EndTime "13:32:14 PDT"]
[Termination "Game drawn by agreement"]

1. d4 Nf6 2. Nc3 d6 3. Bg5 Nbd7 4. e3 h6 5. Bh4 g5 6. Bg3 Bg7 7. h4 g4 8. h5 c5 9. Nge2 Qb6 10. Rb1 O-O 11. Rh4 Kh8 1/2-1/2

[Event "*** Titled Tuesday Blitz"]
[Site "Chess.com"]
[Date "2020.05.19"]
[Round "8"]
[White "MaxLeto"]
[Black "davekoenig"]
[Result "1-0"]
[WhiteElo "2321"]
[BlackElo "2168"]
[TimeControl "180+1"]
[EndTime "13:32:26 PDT"]
[Termination "MaxLeto won by resignation"]

1. g4 d5 2. Bg2 c6 3. g5 e5 4. d4 exd4 5. Qxd4 Nd7 6. c4 Bc5 7. Qxg7 Qb6 8. Qxh8 Bxf2+ 9. Kf1 Kf8 10. Nh3 Be3 11.
Na3 Bd4 12. Qxh7 dxc4 13. Nxc4 Qb4 14. Qd3 Bg7 15. Bf4 Qe7 16. Bd6 1-0

[Event "*** Titled Tuesday Blitz"]
[Site "Chess.com"]
[Date "2020.05.19"]
[Round "8"]
[White "Maksimus1998"]
[Black "Nikolaj_6"]
[Result "0-1"]
[WhiteElo "2446"]
[BlackElo "2571"]
[TimeControl "180+1"]
[EndTime "13:32:37 PDT"]
[Termination "Nikolaj_6 won by resignation"]

1. c4 Nf6 2. Nc3 g6 3. e4 d6 4. d4 Bg7 5. Be2 O-O 6. Be3 c5 7.
d5 e6 8. Nf3 exd5 9. cxd5 a6 10. a4 Bg4 11. Nd2 Bxe2 12. Qxe2 Nbd7 13. O-O Re8 14.
a5 Qc7 15. Ra4 b5 16. axb6 Qxb6 17. Nc4 Qb8 18. f3 Nb6 19. Nxb6 Qxb6 20. Rfa1 a5 21. Qb5 Nxd5 22. Qxb6 Nxb6 23. Rxa5 Rxa5 24. Rxa5 Nc4 0-1

[Event "*** Titled Tuesday Blitz"]
[Site "Chess.com"]
[Date "2020.05.19"]
[Round "8"]
[White "IwkooO"]
[Black "dianosky"]
[Result "1-0"]
[WhiteElo "2552"]
[BlackElo "2382"]
[TimeControl "180+1"]
[EndTime "13:32:37 PDT"]
[Termination "IwkooO won by resignation"]

1. e4 c5 2. Nf3 a6 3. d4 cxd4 4. c3 dxc3 5. Nxc3 e6 6. Bc4 b5 7. Bb3 Bb7 8. Qe2 d6 9. O-O Nd7 10. Bf4 Ngf6 11. Rfd1 Qb8 12. a3 Be7 13. h3 O-O 14.
Rd2 Rd8 15. Rad1 Nc5 16. Bc2 Bc6 17. e5 Bxf3 18. Qxf3 dxe5 19. Rxd8+ Bxd8 20. Bxe5 Qb7 21. Qg3 Rc8 22. Rxd8+ Rxd8 23. Bxf6 1-0

[Event "*** Titled Tuesday Blitz"]
[Site "Chess.com"]
[Date "2020.05.19"]
[Round "8"]
[White "CrushingKings"]
[Black "cassoulet"]
[Result "0-1"]
[WhiteElo "2512"]
[BlackElo "2647"]
[TimeControl "180+1"]
[EndTime "13:32:47 PDT"]
[Termination "cassoulet won by resignation"]

1. e4 c5 2. d4 cxd4 3. c3 Nf6 4. e5 Nd5 5. Nf3 Nc6 6. Bc4 Nb6 7. Bb3 g6 8. Ng5 d5 9. exd6 e6 10. Qf3 f6 11. Bxe6 Bxd6 12. O-O Ne5 13. Qf4 fxg5 14. Qxd4 Bxe6 15. Bxg5 Nf3+ 16. gxf3 Qxg5+ 17. Kh1 O-O-O 0-1

[Event "*** Titled Tuesday Blitz"]
[Site "Chess.com"]
[Date "2020.05.19"]
[Round "8"]
[White "Igor_Lysyj"]
[Black "Danfii"]
[Result "1-0"]
[WhiteElo "2755"]
[BlackElo "2360"]
[TimeControl "180+1"]
[EndTime "13:32:57 PDT"]
[Termination "Igor_Lysyj won by resignation"]

1. d4 Nf6 2. c4 e6 3. Nf3 b6 4. g3 Ba6 5. Qc2 c5 6. d5 exd5 7. cxd5 Bb7 8. Bg2 Nxd5 9. O-O Be7 10. Rd1 Nc6 11. Qa4 Nf6 12. Nh4 O-O 13. Nf5 d5 14.
Nc3 Ne5 15. Bg5 h6 16. Bxf6 Bxf6 17. Nxd5 Bc6 18. Qf4 Ng6 19. Nxh6+ gxh6 20. Nxf6+ 1-0

[Event "*** Titled Tuesday Blitz"]
[Site "Chess.com"]
[Date "2020.05.19"]
[Round "8"]
[White "CroissantNeuf"]
[Black "Lubov_Gordyk"]
[Result "0-1"]
[WhiteElo "2358"]
[BlackElo "2617"]
[TimeControl "180+1"]
[EndTime "13:33:02 PDT"]
[Termination "Lubov_Gordyk won by resignation"]

1. Nf3 g6 2. e4 Bg7 3. d4 d6 4.
Bd3 Nf6 5. O-O O-O 6. h3 Nc6 7.
c3 e5 8. Re1 Nh5 9. Be3 h6 10.
Nbd2 Qf6 11. Bf1 Nf4 12. Kh2 g5 13. g3 Ng6 14. Nc4 Re8 15. dxe5 dxe5 16. Be2 Be6 17.
b4 Rad8 18. Qc1 Bxc4 0-1

[Event "*** Titled Tuesday Blitz"]
[Site "Chess.com"]
[Date "2020.05.19"]
[Round "8"]
[White "Perecke"]
[Black "Ariadna_Atreides"]
[Result "0-1"]
[WhiteElo "2252"]
[BlackElo "2090"]
[TimeControl "180+1"]
[EndTime "13:33:07 PDT"]
[Termination "Ariadna_Atreides won by resignation"]

1. e4 c5 2. Nf3 d6 3. d4 cxd4 4. Nxd4 Nf6 5. Nc3 Nc6 6. Bg5 e6 7. Qd2 a6 8. O-O-O Bd7 9. f4 Be7 10. Be2 b5 11. a3 Qc7 12. Bf3 Rc8 13. Bxf6 Bxf6 14. Ndxb5 axb5 15. Nxb5 Bxb2+ 16. Kxb2 Rb8 17. c4 Na5 18. Ka2 Qxc4+ 19. Ka1 Nb3+ 0-1

[Event "*** Titled Tuesday Blitz"]
[Site "Chess.com"]
[Date "2020.05.19"]
[Round "8"]
[White "tgpgoat"]
[Black "agrigo3"]
[Result "0-1"]
[WhiteElo "2045"]
[BlackElo "2262"]
[TimeControl "180+1"]
[EndTime "13:33:23 PDT"]
[Termination "agrigo3 won by resignation"]

1. e4 d6 2. d4 Nf6 3. Nc3 g6 4. Nf3 Bg7 5. Bf4 O-O 6. Bd3 c6 7. O-O Nbd7 8. Ne2 Re8 9. e5 Nd5 10. Bg3 Nf8 11. exd6 exd6 12. Nf4 Nxf4 13. Bxf4 Bg4 14.
c3 Qf6 15. Bg3 Bxf3 16. Qxf3 Qxf3 17. gxf3 d5 18. Rfe1 Bh6 19. f4 f5 20. Re5 Kf7 21. Rae1 Nd7 22. Rxe8 Rxe8 23. Rxe8 Kxe8 24. Kg2 Kf7 25.
Kf3 Ke6 26. Bh4 Bf8 27. Bg5 h6 28. Bh4 Bd6 29. Bg3 Nf6 30. Kg2 Ne4 31. Bxe4 fxe4 32. f3 Kf5 33. Kf2 Bxf4 34. fxe4+ Kxe4 35. Bxf4 Kxf4 0-1

[Event "*** Titled Tuesday Blitz"]
[Site "Chess.com"]
[Date "2020.05.19"]
[Round "8"]
[White "rakshi2005"]
[Black "Quiet_Desperation"]
[Result "0-1"]
[WhiteElo "2260"]
[BlackElo "2094"]
[TimeControl "180+1"]
[EndTime "13:33:25 PDT"]
[Termination "Quiet_Desperation won by resignation"]

1. e4 e5 2. Nf3 Nc6 3. Bc4 Nf6 4. O-O Be7 5. d4 exd4 6. Nxd4 O-O 7. Nc3 d6 8. Bf4 Ne5 9. Bb3 a6 10. h3 c5 11. Nf3 c4 12. Bxe5 cxb3 13. Bh2 bxc2 14. Qxc2 Be6 15. Rad1 Rc8 16. Nd4 Bc4 17. Rfe1 Re8 18.
Nf5 Bf8 19. Nxd6 Bxd6 20. Rxd6 Qa5 21. e5 Nd5 22. Qd2 Nxc3 23. bxc3 Qxa2 24. Qg5 Be6 25. Rd3 h6 26. Qh4 Qc4 27. Rg3 Qxh4 0-1

[Event "*** Titled Tuesday Blitz"]
[Site "Chess.com"]
[Date "2020.05.19"]
[Round "8"]
[White "szachuspl"]
[Black "kleopl"]
[Result "0-1"]
[WhiteElo "2532"]
[BlackElo "2393"]
[TimeControl "180+1"]
[EndTime "13:33:31 PDT"]
[Termination "kleopl won by resignation"]

1. d4 Nf6 2. c4 g6 3. Nc3 d5 4.
Nf3 Bg7 5. Bf4 O-O 6. e3 c6 7. Bd3 Nbd7 8. O-O Re8 9. h3 Nb6 10. c5 Nbd7 11. b4 a6 12. a4 Nh5 13. Bh2 e5 14. Be2 exd4 15. Nxd4 Nhf6 16. Bf3 Ne5 17. b5 axb5 18. axb5 Rxa1 19. Qxa1 Nxf3+ 20. Nxf3 Ne4 21. Nd4 Nxc5 22. bxc6 bxc6 23. Nxc6 Qg5 24. Kh1 Ne4 25. Nxe4 dxe4 26. Qa7 Qb5 27. Nd4 Qxf1+ 0-1

[Event "*** Titled Tuesday Blitz"]
[Site "Chess.com"]
[Date "2020.05.19"]
[Round "8"]
[White "Stormeman100100"]
[Black "Camels1981"]
[Result "1-0"]
[WhiteElo "2534"]
[BlackElo "2336"]
[TimeControl "180+1"]
[EndTime "13:33:33 PDT"]
[Termination "Stormeman100100 won by resignation"]

1. d4 Nf6 2. c4 g6 3. Nc3 Bg7 4. e4 O-O 5. Be2 d6 6. Nf3 e5 7.
Be3 Nc6 8. d5 Ne7 9. Nd2 Nd7 10.
f3 f5 11. b4 f4 12. Bf2 a5 13. a3 g5 14. bxa5 Rxa5 15. Nb3 Ra8 16. c5 Ng6 17. cxd6 cxd6 18. Nb5 Nf6 19. Qc2 g4 20. Qc7 gxf3 21. gxf3 Bh3 22. Qxd6 Nxe4 23. Qxd8 Raxd8 24. fxe4 Bg2 25. Rg1 Bxe4 26. O-O-O Bxd5 27. Rxd5 Rxd5 28. Bc4 Rc8 29. Nc5 Ne7 30. Nc3 1-0

[Event "*** Titled Tuesday Blitz"]
[Site "Chess.com"]
[Date "2020.05.19"]
[Round "8"]
[White "ChessMavenYeti"]
[Black "fabianvivasz"]
[Result "1/2-1/2"]
[WhiteElo "2105"]
[BlackElo "2312"]
[TimeControl "180+1"]
[EndTime "13:33:37 PDT"]
[Termination "Game drawn by repetition"]

1. Nf3 c5 2. g3 Nf6 3. Bg2 g6 4. O-O Bg7 5. b3 O-O 6. Bb2 Nc6 7. c4 d6 8. d4 cxd4 9. Nxd4 Bd7 10. Nc2 Qc7 11.
Nc3 a6 12. Ne3 Rac8 13. Ncd5 Nxd5 14. Nxd5 Qd8 15. Bxg7 Kxg7 16. Rc1 Kg8 17. Qd2 Re8 18. h4 Qa5 19. Qxa5 Nxa5 20. Nb6 Rc7 21. Nxd7 Rxd7 22.
Rfd1 Rc8 23. c5 Rdc7 24. b4 Nc6 25. cxd6 exd6 26. a3 Ne5 27. Rxc7 Rxc7 28. Rxd6 Rc1+ 29. Kh2 Ng4+ 30. Kh3 Nxf2+ 31. Kh2 Ng4+ 32. Kh3 Nf2+ 33. Kh2 Ng4+ 34. Kh3 Nf2+ 1/2-1/2

[Event "*** Titled Tuesday Blitz"]
[Site "Chess.com"]
[Date "2020.05.19"]
[Round "8"]
[White "PotapovaM"]
[Black "2008king"]
[Result "1-0"]
[WhiteElo "2427"]
[BlackElo "2091"]
[TimeControl "180+1"]
[EndTime "13:33:40 PDT"]
[Termination "PotapovaM won by resignation"]

1. d4 d5 2. c4 c6 3. Nc3 Nf6 4. cxd5 cxd5 5. Bf4 Nc6 6. e3 Bf5 7. Qb3 Na5 8. Qa4+ Bd7 9. Qc2 Rc8 10. Nf3 e6 11.
Bd3 Bb4 12. O-O O-O 13. Rfc1 Nc4 14. Ne5 Bxc3 15. bxc3 b5 16. Qe2 Qe7 17. Qf3 a6 18.
Qh3 Ne4 19. f3 Nf6 20. Bg5 h6 21. Bxf6 Qxf6 22. Nxd7 1-0

[Event "*** Titled Tuesday Blitz"]
[Site "Chess.com"]
[Date "2020.05.19"]
[Round "8"]
[White "Storchnoi"]
[Black "RichardShtivelband"]
[Result "1/2-1/2"]
[WhiteElo "1963"]
[BlackElo "2279"]
[TimeControl "180+1"]
[EndTime "13:33:42 PDT"]
[Termination "Game drawn by agreement"]

1. d4 Nf6 2. c4 g6 3. Nc3 d5 4. Nf3 Bg7 5. cxd5 Nxd5 6. e4 Nxc3 7. bxc3 c5 8. Rb1 O-O 9. Be2 Nc6 10. d5 Bxc3+ 11. Bd2 Bxd2+ 12. Qxd2 Nd4 13. Nxd4 cxd4 14.
Qxd4 Qa5+ 15. Qd2 Qxd2+ 16. Kxd2 b6 17. Ke3 e6 18. Rhd1 Rd8 19. Rbc1 exd5 20. exd5 Rd6 21.
f4 Bb7 22. Bf3 Re8+ 23. Kf2 Red8 24. Rc7 Bxd5 25. Bxd5 Rxd5 26. Rxd5 Rxd5 27. Rxa7 Kg7 28. h3 h5 29. Kf3 Kf6 30. Ra6 Rb5 31. a4 Rb3+ 32. Kf2 Kf5 33. a5 b5 34. Rb6 Ke4 35. a6 Rb2+ 36. Kg3 Rb3+ 37. Kh4 Kxf4 38. Rf6+ Ke5 39.
Rxf7 Ra3 40. a7 b4 41. Rb7 b3 42. Kg5 Ra6 43. Rxb3 Rxa7 44. Kxg6 h4 45. Kg5 Rg7+ 46.
Kxh4 Rxg2 47. Rg3 Rxg3 48. Kxg3 Kf6 49. Kg4 Kg7 50. Kg5 Kh8 51. Kh6 Kg8 52. Kg6 Kh8 53. Kh6 1/2-1/2

[Event "*** Titled Tuesday Blitz"]
[Site "Chess.com"]
[Date "2020.05.19"]
[Round "8"]
[White "Olga_Girya"]
[Black "Mbneu"]
[Result "1-0"]
[WhiteElo "2411"]
[BlackElo "2224"]
[TimeControl "180+1"]
[EndTime "13:33:49 PDT"]
[Termination "Olga_Girya won by resignation"]

1. d4 Nf6 2. c4 c5 3. d5 e6 4. Nc3 exd5 5. cxd5 d6 6. Nf3 g6 7. h3 Bg7 8. e4 O-O 9. Bd3 b5 10. Nxb5 Re8 11. O-O Nxe4 12. Re1 Nf6 13. Rxe8+ Nxe8 14. Bg5 Qb6 15. Qd2 Bd7 16. Nc3 Na6 17. Re1 Rb8 18.
b3 Qb4 19. Rc1 Nf6 20. Bxa6 1-0

[Event "*** Titled Tuesday Blitz"]
[Site "Chess.com"]
[Date "2020.05.19"]
[Round "8"]
[White "ChristopherYoo"]
[Black "GMStefanova"]
[Result "1-0"]
[WhiteElo "2873"]
[BlackElo "2635"]
[TimeControl "180+1"]
[EndTime "13:33:50 PDT"]
[Termination "ChristopherYoo won by resignation"]

1. e4 e5 2. Nf3 Nc6 3. Bb5 a6 4.
Ba4 g6 5. d4 b5 6. Bb3 exd4 7.
c3 Bg7 8. cxd4 Nge7 9. d5 Na5 10. Bd2 Nxb3 11. axb3 O-O 12. Bc3 f5 13. Bxg7 Kxg7 14. Nc3 b4 15. Qd4+ Kg8 16. Qxb4 fxe4 17. Qxe4 Bb7 18. O-O Rf5 19. Rad1 Qf8 20. Qc4 d6 21. Nd4 Bxd5 22. Nxd5 Rxd5 23. Nc6 Kg7 24. Rxd5 1-0

[Event "*** Titled Tuesday Blitz"]
[Site "Chess.com"]
[Date "2020.05.19"]
[Round "8"]
[White "gilbert_gm"]
[Black "Er_is_geen_hoop_meer"]
[Result "1-0"]
[WhiteElo "2611"]
[BlackElo "2439"]
[TimeControl "180+1"]
[EndTime "13:33:50 PDT"]
[Termination "gilbert_gm won by checkmate"]

1. d4 e5 2. dxe5 d6 3. exd6 Bxd6 4. g3 h5 5. Nf3 h4 6. Nxh4 Rxh4 7. gxh4 Qxh4 8.
Nc3 Nf6 9. Be3 Ng4 10. Qd2 Be6 11. O-O-O Nxe3 12. fxe3 Nc6 13. Bg2 Ne5 14. Qd4 Qg5 15. Bxb7 Rb8 16. Bd5 Rb4 17. Qxa7 Bf5 18. Kb1 Qh4 19.
Rd4 Rxd4 20. exd4 Ng4 21. e4 Nf2 22. Rc1 Bf4 23. exf5 Bxc1 24. Qb8+ Kd7 25. Qf8 Bg5 26. Qxf7+ Kc8 27. Qe8+ Bd8 28. Qe6+ Kb8 29. Qc6 Nd3 30. Qa8# 1-0

[Event "*** Titled Tuesday Blitz"]
[Site "Chess.com"]
[Date "2020.05.19"]
[Round "8"]
[White "Spartakus1975"]
[Black "stoleriu"]
[Result "1-0"]
[WhiteElo "2692"]
[BlackElo "2550"]
[TimeControl "180+1"]
[EndTime "13:33:57 PDT"]
[Termination "Spartakus1975 won by resignation"]

1. e4 e6 2. d4 d5 3. Nd2 Be7 4. Bd3 c5 5. dxc5 Nf6 6. Qe2 O-O 7. Ngf3 a5 8. O-O Na6 9. e5 Nd7 10. Nb3 a4 11. Nbd4 Ndxc5 12. Bf4 Nxd3 13. cxd3 Bd7 14. h4 Bxh4 15. g3 Be7 16. Kg2 Re8 17.
Rh1 Bf8 18. Rxh7 Kxh7 19. Ng5+ Qxg5 20. Bxg5 1-0

[Event "*** Titled Tuesday Blitz"]
[Site "Chess.com"]
[Date "2020.05.19"]
[Round "8"]
[White "Xeslu"]
[Black "calin_dragomirescu"]
[Result "1-0"]
[WhiteElo "2362"]
[BlackElo "2202"]
[TimeControl "180+1"]
[EndTime "13:34:01 PDT"]
[Termination "Xeslu won by checkmate"]

1. e4 g6 2. d4 Bg7 3. Nc3 d6 4. Nf3 Nf6 5. Be2 O-O 6. O-O c5 7. dxc5 dxc5 8. Be3 b6 9. Qc1 Bb7 10. Rd1 Qc8 11. Nd5 Nxd5 12. exd5 Nd7 13. Bh6 Nf6 14. Bxg7 Kxg7 15. c4 e6 16. d6 Qd8 17. Qc3 Kg8 18.
Ne5 Nd7 19. Ng4 f6 20. Bf3 Bxf3 21. Qxf3 Kg7 22. Qe3 g5 23. Qxe6 h5 24. Ne3 Re8 25. Nf5+ Kg6 26. Ne7+ Kg7 27. f4 gxf4 28. Rd5 Ne5 29.
Rxe5 fxe5 30. Qg6+ Kh8 31. Qh6# 1-0